 Dungeon Crawl Stone Soup version bcrawl-1.19.2-6-g6a88ae04c9 (webtiles) character file.

Game seed: 1312286208372404164

93 Mrkan the Cudgeler (level 4, -1/49 HPs)
             Began as an Ogre Berserker on Jan 7, 2020.
             Was a Believer of Trog.
             Slain by a gnoll
             ... wielding a +0 whip
              (5 damage)
             ... on level 2 of the Dungeon.
             The game lasted 00:02:17 (1604 turns).

Mrkan the Cudgeler (Ogre Berserker)                 Turns: 1604, Time: 00:02:18

Health: -1/49      AC:  3    Str: 22    XL:     4   Next: 61%
Magic:  4/4        EV: 10    Int:  8    God:    Trog [**....]
Gold:   83         SH:  0    Dex:  8    Spells: 3/3 levels left

rFire    . . .     SeeInvis .   a - +0 mace
rCold    . . .     Gourm    .   (no shield)
rNeg     . . .     Faith    .   b - +0 animal skin
rPois    .         Spirit   .   (helmet restricted)
rElec    .         Reflect  .   (no cloak)
rCorr    .         Harm     .   (gloves unavailable)
MR       .....                  (boots unavailable)
Stlth    +.........             (no amulet)
HPRegen  0.16/turn              (no ring)
MPRegen  0.09/turn              (no ring)

@: no status effects
A: large, unfitting armour, tough skin 1
a: Berserk, Trog's Hand, Renounce Religion


You were on level 2 of the Dungeon.
You worshipped Trog.
Trog was pleased with you.
You were not hungry.

You visited 1 branch of the dungeon, and saw 2 of its levels.

You collected 83 gold pieces.

Inventory:

Hand Weapons
 a - a +0 mace (weapon)
Armour
 b - a +0 animal skin (worn)
Jewellery
 d - an uncursed ring of resist corrosion {unknown}
Scrolls
 e - 2 scrolls of remove curse {unknown}
 f - a scroll of teleportation {unknown}
 h - 7 scrolls of identify {unknown}
Potions
 g - a potion of lignification {unknown}
 i - a potion of curing {unknown}
Comestibles
 c - 4 rations {!d}
 j - 4 chunks of flesh


   Skills:
 + Level 4.9 Fighting
 * Level 5.1 Maces & Flails
 + Level 3.2 Dodging


You had 3 spell levels left.
You didn't know any spells.
Your spell library was empty.

Dungeon Overview and Level Annotations

Branches:
Dungeon (2/12)

Altars:
Makhleb
Ru
Vehumet


Innate Abilities, Weirdness & Mutations

You are too large for most types of armour.
You have tough skin. (AC +1)


Message History

The gnoll hits you with a +0 whip.
The gnoll hits you with a cursed -2 club.
The gnoll hits you from afar with a +0 spear.
* * * LOW HITPOINT WARNING * * *
You hit the gnoll.
The gnoll is heavily wounded.
The gnoll hits you but does no damage. x2
The gnoll hits you with a cursed -2 club.
* * * LOW HITPOINT WARNING * * *
You hit the gnoll.
The gnoll is severely wounded.
The gnoll barely misses you.
The gnoll hits you from afar with a +0 spear.
* * * LOW HITPOINT WARNING * * *
The gnoll hits you with a cursed -2 club.
* * * LOW HITPOINT WARNING * * *
You hit the gnoll.
The gnoll is almost dead.
The gnoll hits you with a +0 whip.
You die...

#.....##.#
#.....#...
########)#
#######_.⌠ #
#.# #...
...####.#
##..
........#
#⌠.
##.###..#
##.. #.##.
#..# #...
......##..##
#_.⌠
#.gg@...#
#...
#.##g....#
##.. ##^..##
### ...##
###.. ..##
.##


You could see 3 gnolls.

Vanquished Creatures
  A howler monkey (D:2)
  An ooze (D:1)
  2 worms
  3 dart slugs
  A leopard gecko (D:1)
  3 bats (D:1)
  5 goblins
  6 hobgoblins
  11 kobolds
  4 rats (D:1)
37 creatures vanquished.

Notes
Turn   | Place    | Note
-------+----------+-------------------------------------------
     0 | D:1      | Mrkan the Ogre Berserker began the quest for the Orb.
     0 | D:1      | Reached XP level 1. HP: 24/24 MP: 1/1
   131 | D:1      | Reached skill level 4 in Maces & Flails
   131 | D:1      | Reached XP level 2. HP: 27/32 MP: 2/2
   420 | D:1      | Reached XP level 3. HP: 35/40 MP: 3/3
   634 | D:1      | Reached ** piety under Trog
  1064 | D:2      | Found a radiant altar of Vehumet.
  1077 | D:2      | Reached skill level 5 in Maces & Flails
  1077 | D:2      | Reached XP level 4. HP: 38/49 MP: 4/4
  1091 | D:2      | HP: 2/49 [worm (6)]
  1518 | D:2      | Found a burning altar of Makhleb.
  1519 | D:2      | Found a sacrificial altar of Ru.
  1604 | D:2      | Slain by a gnoll

Skill      XL: |  1  2  3 |
---------------+----------+-----
Maces & Flails | 4 5 |  5.1
Dodging        | 3 |  3.2
Fighting       | |  4.9

Action                   |  1- 3 |  4- 6 || total
-------------------------+-------+-------++-------
Melee: Mace              |   100 |    26 ||   126
  Eat: Chunk             |       |     2 ||     2
Armor: Animal skin       |    34 |     3 ||    37
Dodge: Dodged            |    74 |    10 ||    84
